 Dungeon Crawl Stone Soup version 0.28-a0-1506-g3893175d92 (webtiles) character file.

Game seed: 5621293500389844995

125 siradein the Magician (level 5, -4/38 HPs)
             Began as a Djinni Ice Elementalist on Jan 13, 2022.
             Killed from afar by Ijyb (40 damage)
             ... with a bolt of acid
             ... on level 3 of the Dungeon.
             The game lasted 00:09:16 (2940 turns).

siradein the Magician (Djinni Ice Elementalist)     Turns: 2940, Time: 00:09:16

Health: -4/38      AC:  3    Str:  7    XL:     5   Next: 30%
Gold:   110        EV: 13    Int: 18    God:
                   SH:  5    Dex: 14

rFire   + + .      SeeInvis .   m - staff of cold
rCold   . . .      Faith    .   (no shield)
rNeg    . . .      Spirit   .   a - +0 robe
rPois   ∞          Reflect  +   j - +0 helmet
rElec   .          Harm     .   (no cloak)
rCorr   .          Rampage  .   (no gloves)
Will    .....                   (boots unavailable)
Stlth   ++........              h - amulet of reflection
HPRegen 0.12/turn               (no ring)
MPRegen 0.00/turn               (no ring)

@: flying
A: sickness immunity, fire resistance 2, cold vulnerability 1, float, innate
caster, hp casting, extra vitality 1
a: no special abilities


You were on level 3 of the Dungeon.
You visited 1 branch of the dungeon, and saw 3 of its levels.

You collected 110 gold pieces.

Inventory:

Hand Weapons
 b - a +0 trident of freezing
Armour
 a - a +0 robe (worn)
 j - a +0 helmet (worn)
Magical Staves
 m - a staff of cold (weapon)
Jewellery
 h - an amulet of reflection (around neck)
Scrolls
 c - a scroll of teleportation {unknown}
 d - a scroll of fear {unknown}
 e - 4 scrolls of identify {unknown}
 g - a scroll of enchant armour {unknown}
 l - a scroll of amnesia {unknown}
Potions
 f - 2 potions of curing {unknown}
 i - a potion of heal wounds {unknown}
 k - a potion of berserk rage {unknown}


   Skills:
 + Level 2.1 Fighting
 + Level 3.3 Dodging
 - Level 1.5 Stealth
 * Level 4.1 Spellcasting


You couldn't memorise any spells.
You knew the following spells:

 Your Spells              Type           Power      Damage    Failure   Level
a - Freeze                Ice            100%       1d11      2%          1
b - Frozen Ramparts       Ice            56%        1d7       8%          3
c - Ozocubu's Armour      Ice            28%        N/A       8%          3
d - Hailstorm             Conj/Ice       28%        3d8       26%         4
e - Beastly Appendage     Tmut           36%        N/A       2%          1
f - Searing Ray           Conj           36%        2d5       4%          2
Your spell library was empty.

Dungeon Overview and Level Annotations

Branches:
Dungeon (3/15)

Altars:
Sif Muna

Annotations:
D:3 Ijyb


Innate Abilities, Weirdness & Mutations

You are immune to sickness and miasma.
You are immune to poison.
Your flesh is very heat resistant. (rF++)
You are vulnerable to cold. (rC-)
You float through the air rather than walking.
You learn spells naturally, not from books.
Your magical power is your life essence.
You have superior vitality. (+4 MHP)


Message History

Things that are here:
a +0 whip; 6 poisoned darts You now have 105 gold pieces (gained 13).
A goblin comes into view. It is wielding a +0 club.
A goblin is nearby!
The searing ray hits the goblin!
You kill the goblin! (Press . to maintain the ray.)
There is an open door here.
An endoplasm comes into view.
An endoplasm is nearby!
An endoplasm is nearby!
An endoplasm is nearby!
You see here 5 gold pieces.
A goblin comes into view. It is wielding a +0 dagger.
Found a scroll labelled UGACHISTREY.
The searing ray hits the endoplasm!
You kill the endoplasm! (Press . to maintain the ray.)
A goblin is nearby!
The searing ray hits the goblin!
You kill the goblin! (Press . to maintain the ray.)
You now have 110 gold pieces (gained 5).
Items here: ( )) †.
Found 7 stones.
Ijyb the Twisted Goblin comes into view.
She is wielding a +0 club and carrying a wand of acid (2).
Ijyb shouts!
Ijyb is nearby!
Ijyb is nearby!
Ijyb is nearby!
Found a stone staircase leading up.
Ijyb zaps a wand.
The bolt of acid misses you.
A rat comes into view.
The searing ray hits Ijyb.
Ijyb is moderately wounded. (Press . to maintain the ray.) Ijyb zaps a wand.
The bolt of acid hits you!!!
Ouch! That really hurt!
You die...

.#.## ....<.#########.
####..##.#.#...........
............(..........
#....##.#.#......g....
#.....................
#.....#.#.#.........r.
#....#........@....... #
#.....#.#.#...........
#.#...#.........?.......
........#.#.#...........
#.#..)..................
........#.#.##..........
#.#####.......########+#
# #.#.#.#.#
#.......#####


You could see Ijyb and a rat.

Vanquished Creatures
  Robin (D:2)
  4 adders (D:2)
  A worm (D:2)
  A dart slug (D:1)
  4 ball pythons (D:1)
  7 endoplasms
  2 giant cockroaches
  14 goblins
  7 hobgoblins
  3 jackals (D:1)
  5 kobolds
  2 quokkas
  9 bats
  4 frilled lizards
  3 rats
67 creatures vanquished.

Vanquished Creatures (others)
  23 plants
23 creatures vanquished.

Grand Total: 90 creatures vanquished

Notes
Turn   | Place    | Note
-------+----------+-------------------------------------------
     0 | D:1      | siradein the Djinni Ice Elementalist began the quest for
                  | the Orb.
     0 | D:1      | Reached XP level 1. HP: 15/15 MP: 0/0
   229 | D:1      | Reached XP level 2. HP: 12/22 MP: 0/0
   613 | D:1      | Reached skill level 1 in Fighting
   700 | D:1      | Reached XP level 3. HP: 24/27 MP: 0/0
   700 | D:1      | Learned a level 1 spell: Beastly Appendage
  1334 | D:2      | Noticed Robin
  1351 | D:2      | Killed Robin
  1352 | D:2      | Reached XP level 4. HP: 12/32 MP: 0/0
  1905 | D:2      | Reached skill level 4 in Spellcasting
  1983 | D:2      | Reached XP level 5. HP: 32/38 MP: 0/0
  1983 | D:2      | Learned a level 2 spell: Searing Ray
  2937 | D:3      | Noticed Ijyb
  2940 | D:3      | Killed from afar by Ijyb

Illustrated notes

Levels and vault maps discovered:
D:1:      kennysheep_arrival_seaside, layout_loops_ring, serial_forest,
          infiniplex_forest_clump_small, infiniplex_forest_clump_small,
          infiniplex_forest_lined_corner, infiniplex_forest_clump_tiny,
          infiniplex_forest_straight_2, serial_bayou_pond_b
D:2:      wander_river, layout_basic, basic_altar, serial_bayou,
          serial_bayou_lake_a, serial_bayou_lagoon_a, serial_bayou_shore_a,
          serial_bayou_pond_e, solitary_fountain, uniq_robin
D:3:      minmay_inner_zag, layout_basic, st_stairs_13, grunt_decor_junction,
          grunt_ministairs_9, hangedman_feature_mirror, uniq_pargi,
          uniq_grinder, uniq_ijyb

Skill      XL: |  1  2  3  4  5 |
---------------+----------------+-----
Fighting       | 1 2 |  2.1
Dodging        | 3 |  3.3
Spellcasting   | 4 |  4.1
Stealth        | |  1.5

Action                   |  1- 3 |  4- 6 || total
-------------------------+-------+-------++-------
Melee: Trident           |    33 |     6 ||    39
 Cast: Freeze            |    23 |    22 ||    45
       Frozen Ramparts   |     2 |     1 ||     3
       Searing Ray       |       |    17 ||    17
 Stab: Sleeping          |     2 |     1 ||     3
Armor: Robe              |     8 |     7 ||    15
Dodge: Dodged            |    27 |    20 ||    47
Block: Other             |       |     9 ||     9
       Reflection        |       |     3 ||     3

Table legend: (Time is in decaauts)
 A = Elapsed time spent in this place.
 B = Non-inter-level travel time spent in this place.
 C = Inter-level travel time spent in this place.
 D = Time resting spent in this place.
 E = Time spent auto-exploring this place.
 F = Levels seen in this place.
 G = Mean time per level.
                   A        B        C        D        E       F      G
               +--------+--------+--------+--------+--------+-----+--------+
         Total |   2951 |   2912 |     39 |    186 |   2332 |   3 |  983.7 |
       Dungeon |   2951 |   2912 |     39 |    186 |   2332 |   3 |  983.7 |
               +--------+--------+--------+--------+--------+-----+--------+

Top non-repeatable levels by time:
     D:1: 1486 daAuts
     D:2: 1224 daAuts
     D:3: 239 daAuts
